[Event "FRA-ch Youth U18 2018"]
[Site "Agen"]
[Date "2018.04.15"]
[Round "1"]
[White "Rollot, Florence"]
[Black "Goeau, Aurelice"]
[Result "1-0"]
[ECO "A05"]
[WhiteElo "2042"]
[BlackElo "1573"]
[Annotator "NA RC"]
[PlyCount "85"]
[EventDate "2018.??.??"]
[EventType "swiss"]
[EventCountry "FRA"]
[SourceTitle "playchess.com"]
[Source "ChessBase"]
[SourceQuality "1"]
[TimeControl "5400+30"]

1. Nf3 Nf6 2. c4 g6 3. g3 Bg7 4. Bg2 O-O 5. O-O c6 6. Nc3 d5 7. cxd5 cxd5 8. d4 Bg4 {[%emt 0:16:44] D79: Fianchetto Grünfeld: Symmetrical Variation (6 0-0 c6 7 cxd5 cxd5)} (8... Ne4 9. Ne5 Nxc3 10. bxc3 Nc6 11. Nxc6 bxc6 12. Qa4 Qb6 13. Ba3 Qa6 14. Qxa6 Bxa6 15. Rfe1 Rfe8 16. e3 {½-½ (16) Petrosian,T (2601)-Svidler,P (2765) Riadh 2017}) 9. Ne5 Bf5 10. Qb3 Nc6 11. Rd1 Qc7 $146 ({Predecessor:} 11... Na5 12. Qa4 a6 13. Bg5 b5 14. Qb4 Be6 15. Rac1 h6 16. Bxf6 exf6 {1-0 (84) Van Treeck,J-Hottgenroth,W Kleve 2000}) 12. Bf4 Nxe5 13. Bxe5 Qd7 14. Nxd5 Rac8 15. Rac1 b6 16. Nxf6+ exf6 17. Bf4 Rfd8 18. d5 Qe8 19. Bf3 Bf8 20. Bc7 Rd7 {[%emt 0:01:35] [#]} 21. Qa4 $11 (21. Qb5 $1 $16) 21... Bc5 22. d6 Qe5 23. e3 Bxd6 24. Bxd6 Rxd6 25. Qxa7 Rxc1 26. Rxc1 Qxb2 27. Rc7 Bh3 28. Qb8+ Kg7 29. Rxf7+ Kxf7 30. Qxd6 Qb1+ 31. Bd1 Bg4 32. Qd5+ Kg7 33. f3 Bh3 34. Qb3 Qc1 35. Qd3 Qb2 36. Qc2 Qb5 37. Be2 Qa5 38. Kf2 Be6 39. Qc7+ Bf7 40. a4 Qb4 41. Qd7 Qc5 42. h4 Kh6 43. Qxf7 {[%emt 0:00:21] Kg7 Qd7+} 1-0

[Event "FRA-ch Youth U18 2018"]
[Site "Agen"]
[Date "2018.04.15"]
[Round "1"]
[White "Belluire, Beatrice"]
[Black "Masalles, Coralie"]
[Result "1-0"]
[ECO "C15"]
[WhiteElo "1818"]
[BlackElo "1533"]
[Annotator "NA RC"]
[PlyCount "55"]
[EventDate "2018.??.??"]
[EventType "swiss"]
[EventCountry "FRA"]
[SourceTitle "playchess.com"]
[Source "ChessBase"]
[SourceQuality "1"]
[TimeControl "5400+30"]

1. e4 e6 2. d4 d5 3. Nc3 Bb4 4. Nge2 dxe4 5. a3 Be7 6. Nxe4 Nf6 7. Qd3 Nc6 8. Bf4 b6 9. O-O-O a5 10. Nxf6+ Bxf6 11. Qg3 Ra7 12. Nc3 Ne7 13. Nb5 Nf5 14. Qc3 Rb7 15. Bxc7 Qd7 16. Be5 Be7 17. g4 Nh6 18. Bxg7 Bg5+ 19. Kb1 Rg8 20. Bxh6 Rb8 21. Bxg5 Rxg5 22. Bg2 Kf8 23. Bc6 Qd8 24. f4 Rxg4 25. Rhg1 Rxg1 26. Rxg1 Qf6 27. a4 Qe7 28. Qg3 1-0

[Event "FRA-ch Youth U18 2018"]
[Site "Agen"]
[Date "2018.04.15"]
[Round "1"]
[White "Perrin, Sophie"]
[Black "Lomandong, Noela-Joyce"]
[Result "0-1"]
[ECO "A10"]
[WhiteElo "1620"]
[BlackElo "2053"]
[Annotator "NA RC"]
[PlyCount "72"]
[EventDate "2018.??.??"]
[EventType "swiss"]
[EventCountry "FRA"]
[SourceTitle "playchess.com"]
[Source "ChessBase"]
[SourceQuality "1"]
[TimeControl "5400+30"]

1. c4 g6 2. Nc3 Bg7 3. Nf3 d6 4. g3 Nc6 5. Bg2 e5 6. O-O Nge7 7. Rb1 Be6 {[%emt 0:07:53] LiveBook: 4 Games A25: English Opening vs King's Indian with ...Nc6 but without early d3} (7... a5 8. a3 O-O 9. d3 Nd4 10. Bg5 h6 11. Bxe7 Qxe7 12. b4 axb4 13. axb4 c6 14. b5 Ra3 15. bxc6 bxc6 16. Nxd4 exd4 17. Ne4 d5 {½-½ (116) Adhiban,B (2636)-Deac,B (2437) Zalakaros 2015}) 8. d3 h6 9. b4 Qc8 $146 ({Predecessor:} 9... Qd7 10. b5 Nd8 11. Nd2 Bh3 12. Bxh3 Qxh3 13. Nd5 Ne6 14. Qa4 b6 15. e3 Nf5 16. Qd1 h5 17. Ne4 Ne7 18. Ndf6+ Bxf6 19. Nxf6+ {1-0 (41) Bakalchuk,J (2389)-Chernomordik,P (2254) Tiberias 2016}) 10. b5 Nb8 11. a4 Bh3 12. Nd5 Bxg2 13. Kxg2 Nd7 14. Nxe7 Kxe7 15. Ba3 a6 16. Qc2 $11 Nc5 17. b6 c6 18. a5 Ne6 19. c5 d5 20. Bb2 f6 21. e3 g5 22. h3 h5 23. Rh1 Kf7 24. Rh2 Qf8 25. Rhh1 Qxc5 26. Qd2 Qd6 27. Rhd1 Bf8 28. d4 e4 29. Ne1 Be7 30. f3 h4 31. Qf2 hxg3 32. Qxg3 Qd7 33. Bc3 Rag8 34. Nc2 Nf4+ 35. Kf2 Rxh3 36. Qg4 Rxf3+ 0-1

[Event "FRA-ch Youth U18 2018"]
[Site "Agen"]
[Date "2018.04.15"]
[Round "1"]
[White "Prochazka, Margot"]
[Black "Salvador, Lucie"]
[Result "1/2-1/2"]
[ECO "C02"]
[WhiteElo "1546"]
[BlackElo "1955"]
[Annotator "NA RC"]
[PlyCount "76"]
[EventDate "2018.??.??"]
[EventType "swiss"]
[EventCountry "FRA"]
[SourceTitle "playchess.com"]
[Source "ChessBase"]
[SourceQuality "1"]
[TimeControl "5400+30"]

1. e4 e6 2. d4 d5 3. e5 c5 4. c3 Qb6 5. Nf3 Nc6 6. Be2 Nh6 7. Na3 cxd4 8. cxd4 Nf5 9. Nc2 Be7 10. O-O O-O 11. b3 f6 12. g4 Nh6 13. Bxh6 ({White has to play} 13. exf6 $16 Rxf6 14. g5 Rxf3 15. Bxf3) 13... gxh6 14. Qd2 fxe5 15. dxe5 Kg7 16. Kh1 Bd7 17. g5 $11 h5 18. Ncd4 Rf7 19. Nxc6 bxc6 20. Nd4 c5 21. Nc2 Raf8 22. Bxh5 Rf4 23. f3 Bxg5 24. Rg1 h6 25. Raf1 d4 26. Ne1 Kh8 27. Qd3 Bb5 28. Qg6 Rg8 29. Qc2 Bxf1 30. Rxf1 Rh4 31. Bg4 Bf4 32. h3 Qc6 33. Ng2 Rgxg4 34. fxg4 Rxh3+ 35. Kg1 Bh2+ 36. Kh1 d3 37. Qd1 Bxe5+ 38. Kg1 Bd4+ 1/2-1/2

[Event "FRA-ch Youth U18 2018"]
[Site "Agen"]
[Date "2018.04.16"]
[Round "2"]
[White "Lomandong, Noela-Joyce"]
[Black "Bruneau, Maylis"]
[Result "1-0"]
[ECO "A00"]
[WhiteElo "2053"]
[BlackElo "1700"]
[Annotator "NA RC"]
[PlyCount "63"]
[EventDate "2018.??.??"]
[EventType "swiss"]
[EventCountry "FRA"]
[SourceTitle "playchess.com"]
[Source "ChessBase"]
[SourceQuality "1"]
[TimeControl "5400+30"]

1. g3 c5 2. Bg2 Nc6 3. e4 g6 4. c3 Bg7 5. f4 d6 6. Nf3 Nf6 7. d3 O-O 8. O-O {[%emt 0:01:40] LiveBook: 123 Games} Qb6 {[%emt 0:09:30] B20: Sicilian: Unusual White 2nd moves} (8... e5 9. Na3 exf4 10. Bxf4 d5 11. Nb5 dxe4 12. dxe4 Bg4 13. Qc2 Qa5 14. a4 a6 15. Bc7 b6 16. Nd6 c4 {0-1 (49) Jakubiec,A (2513)-Shengelia,D (2554) Czech Republic 2016}) 9. Nbd2 Bd7 10. h3 Qc7 11. Nh4 $146 ({Predecessor:} 11. Qe1 e5 12. Nh4 exf4 13. gxf4 Rae8 14. Rf3 b5 15. Nf1 c4 16. Ng3 Re7 17. d4 Nxe4 18. Nxe4 {0-1 (40) Viennot,K (1770)-Lagunes,J (2096) St Chely d'Aubrac 2009}) 11... b5 12. g4 Rab8 13. Ndf3 c4 {[%emt 0:03:25] [#]} 14. e5 $1 dxe5 15. fxe5 Nxe5 16. Nxe5 Qxe5 17. Bf4 Qc5+ 18. d4 Qb6 19. Bxb8 Rxb8 20. Qf3 Be6 21. a3 a5 22. Kh1 Nd5 {[%emt 0:01:59] [#]} (22... Qd6 $11) 23. Nf5 $1 Bf6 ({Avoid the trap} 23... gxf5 $2 24. gxf5 Bc8 25. Qxd5 $18) 24. Ne3 Nxe3 25. Qxe3 b4 26. axb4 axb4 27. Ra4 bxc3 28. bxc3 Qb3 29. Rfa1 Kg7 $2 (29... g5 $16 {is tougher.} 30. Be4 h6) 30. g5 Bxg5 31. Qxg5 $18 f6 32. Qe3 1-0

[Event "FRA-ch Youth U18 2018"]
[Site "Agen"]
[Date "2018.04.16"]
[Round "2"]
[White "Salvador, Lucie"]
[Black "Georget, Laureline"]
[Result "1-0"]
[ECO "D02"]
[WhiteElo "1955"]
[BlackElo "1670"]
[Annotator "NA RC"]
[PlyCount "116"]
[EventDate "2018.??.??"]
[EventType "swiss"]
[EventCountry "FRA"]
[SourceTitle "playchess.com"]
[Source "ChessBase"]
[SourceQuality "1"]
[TimeControl "5400+30"]

1. d4 d5 2. Nf3 Nf6 3. g3 e6 4. Bg2 c5 5. dxc5 Bxc5 6. O-O {[%emt 0:00:36] D02: 1 d4 d5 2 Nf3 sidelines, including 2...Nf6 3 g3 and 2...Nf6 3 Bf4} O-O 7. c4 dxc4 8. Qa4 Nc6 {[%emt 0:09:37] LiveBook: 47 Games} 9. Qxc4 Bd6 $146 ({Predecessor:} 9... Be7 10. Nc3 Bd7 11. Rd1 Rc8 12. Bg5 h6 13. Bxf6 Bxf6 14. Qd3 Qb6 15. Ne4 Be7 16. Nd6 Rcd8 17. Qb3 Qc7 18. Nb5 Qb8 19. Nbd4 Bf6 {½-½ (38) Bu,X (2710)-Lu,S (2615) Taizhou 2015}) 10. Nc3 a6 11. Rd1 Qc7 12. Bg5 Ne5 13. Qh4 Ng6 14. Qa4 Bd7 15. Qb3 Bc6 16. Rac1 Rac8 17. Bxf6 gxf6 18. Ne4 Be7 19. Nd4 Qe5 20. Nxc6 bxc6 21. Qc3 c5 22. Rd7 Qxc3 23. Rxc3 f5 24. Nd2 Bf6 25. Rc2 Rb8 26. b3 ({And not} 26. Rxc5 Rxb2 27. a3 Ne5 $17) 26... Rfd8 27. Rc7 Be7 28. h4 Bf8 29. Ra7 Rd6 30. Nc4 Rd1+ 31. Kh2 f4 32. Rxa6 fxg3+ 33. fxg3 Re1 34. Ra8 Rxa8 35. Bxa8 Ne7 36. a4 Nf5 (36... Rb1 $16) 37. e4 Nd4 38. Rb2 Be7 (38... Ra1 $16) 39. a5 Ra1 40. Bb7 Nb5 41. Bc6 $2 ({White should try} 41. e5 $18) 41... Nd4 $2 (41... Nd6 $1 $11 {and Black has nothing to worry.}) 42. Ba4 Nf3+ 43. Kg2 Ne1+ 44. Kh3 Nd3 45. Rd2 Nb4 46. Rd7 Bf6 47. e5 Bg7 48. Rd8+ Bf8 49. Nb6 Kg7 50. Nd7 c4 51. Rc8 $2 ({Weaker is} 51. Nxf8 c3 $18) (51. Rxf8 $18 cxb3 52. Bxb3) 51... cxb3 52. Bxb3 Ra3 $2 (52... Be7 $11) 53. Bc4 ({Weaker is} 53. Nxf8 Rxb3 54. Nxh7 Kxh7 $16) (53. Rxf8 $142 Rxa5 54. Rc8) 53... Be7 54. Re8 Rc3 $2 (54... Nc6) 55. Bb5 $2 ({Weaker is} 55. Rxe7 Rxc4 56. Re8 Nc6 $16) (55. a6 $18 {and White stays clearly on top.} Nc6 {[#]} 56. Bxe6 $1 fxe6 57. a7 $1 ) 55... Nd5 {[%emt 0:00:18] [#]} 56. a6 $1 Ra3 57. Bc6 $11 (57. Rb8 $16) 57... Bb4 58. Bxd5 exd5 1-0

[Event "FRA-ch Youth U18 2018"]
[Site "Agen"]
[Date "2018.04.16"]
[Round "2"]
[White "Joly, Audrey"]
[Black "Rollot, Florence"]
[Result "0-1"]
[ECO "B01"]
[WhiteElo "1686"]
[BlackElo "2042"]
[Annotator "NA RC"]
[PlyCount "88"]
[EventDate "2018.??.??"]
[EventType "swiss"]
[EventCountry "FRA"]
[SourceTitle "playchess.com"]
[Source "ChessBase"]
[SourceQuality "1"]
[TimeControl "5400+30"]

1. e4 d5 2. exd5 Qxd5 3. Nc3 Qa5 4. Bc4 Nf6 5. d3 Bg4 6. f3 Bf5 7. Bd2 {[%emt 0:02:33] B01: Scandinavian Defence} Qb6 8. Bb3 (8. Qe2 Nc6 9. O-O-O Nd4 10. Qe3 c5 11. g4 Bg6 12. Nh3 e6 13. Nf4 Bd6 14. h4 Bxf4 15. Qxf4 {½-½ (67) Tari,A (2593)-Blomqvist,E (2499) Stockholm 2017}) 8... e6 9. Qe2 $146 ({Predecessor:} 9. g4 Bg6 10. h4 h6 11. Qe2 Nbd7 12. O-O-O O-O-O 13. h5 Bh7 14. Be3 Qa5 {0-1 (53) York Andersen,A (1808)-McKerracher,D (1972) London 2015}) 9... Bb4 10. O-O-O Nc6 11. Na4 Qb5 12. Bxb4 Qxb4 13. Qd2 Qd6 14. Ne2 O-O-O 15. Nac3 Bg6 16. Qe3 a6 17. Ne4 Qe5 18. Qf4 Nd5 19. Qxe5 Nxe5 20. Bxd5 exd5 21. N4g3 d4 {[%emt 0:01:32] [#]} (21... h6 $11) 22. Nf4 ({White should play} 22. f4 $1 $16) 22... Nc6 23. a3 b5 24. Nxg6 hxg6 25. h3 b4 26. axb4 Nxb4 27. Ne4 Rh5 28. Kd2 Rb5 29. Ra1 Kb7 30. Ra4 Kb6 31. Rha1 a5 32. Re1 Rdd5 33. c4 $2 (33. Rc1 $11) 33... dxc3+ $1 34. bxc3 Nxd3 35. c4 Nxe1+ 36. cxd5 Nxg2 37. Nc3 Rb2+ 38. Kd3 Ne1+ 39. Ke3 Nc2+ 40. Kd3 Nb4+ 41. Ke4 Rh2 42. Ra1 Rxh3 43. Rd1 f5+ 44. Ke3 g5 $19 0-1

[Event "FRA-ch Youth U18 2018"]
[Site "Agen"]
[Date "2018.04.16"]
[Round "2"]
[White "Tourneur, Cloe"]
[Black "Belluire, Beatrice"]
[Result "0-1"]
[ECO "B23"]
[WhiteElo "1638"]
[BlackElo "1818"]
[Annotator "NA RC"]
[PlyCount "48"]
[EventDate "2018.??.??"]
[EventType "swiss"]
[EventCountry "FRA"]
[SourceTitle "playchess.com"]
[Source "ChessBase"]
[SourceQuality "1"]
[TimeControl "5400+30"]

1. e4 c5 2. Nc3 a6 3. f4 e6 4. Nf3 b5 5. g3 Bb7 6. d3 Nf6 7. Bg2 d5 8. e5 Nfd7 9. O-O Be7 10. Qe2 O-O 11. f5 exf5 12. e6 Nb6 13. exf7+ Rxf7 14. Ne5 ({White should play} 14. Ng5 $1 $11 Bxg5 15. Bxg5) 14... Rf8 15. Bh3 (15. a4 $15) 15... d4 16. Ne4 Qd5 $16 ({Not} 16... fxe4 $2 17. Be6+ Kh8 18. Rxf8+ Qxf8 19. Qh5 $18) (16... N8d7 $19 17. Nxd7 Qxd7) 17. Nf2 Bd6 18. Re1 Re8 19. Bf4 Bxe5 20. Bxe5 N8d7 21. Qh5 Nxe5 22. Kf1 g6 23. Qd1 Nf3 24. Rxe8+ Rxe8 0-1

[Event "FRA-ch Youth U18 2018"]
[Site "Agen"]
[Date "2018.04.16"]
[Round "3"]
[White "O'Sullivan, Thomas"]
[Black "Lahaderne, Romain"]
[Result "1-0"]
[ECO "E32"]
[WhiteElo "2291"]
[BlackElo "2068"]
[Annotator "NA RC"]
[PlyCount "83"]
[EventDate "2018.??.??"]
[EventType "swiss"]
[EventCountry "FRA"]
[SourceTitle "playchess.com"]
[Source "ChessBase"]
[SourceQuality "1"]
[TimeControl "5400+30"]

1. d4 e6 2. c4 Nf6 3. Nc3 Bb4 4. Qc2 O-O 5. Nf3 d6 6. g3 {[%emt 0:01:54] LiveBook: 67 Games} Bxc3+ {[%emt 0:02:17] E32: Nimzo-Indian: Classical (4 Qc2): 4...0-0} (6... b6 7. Bg2 Bb7 8. O-O Nbd7 9. b3 Qe7 10. Bb2 Bxc3 11. Qxc3 Ne4 12. Qc2 f5 13. Rad1 Rae8 14. d5 exd5 15. cxd5 Ndf6 16. Bxf6 Rxf6 17. Rd4 Rf7 18. e3 a5 19. a3 Ba6 20. Rc1 g5 {½-½ (37) Shankland,S (2666)-Caruana,F (2817) Saint Louis 2017}) 7. Qxc3 Ne4 $146 ({Predecessor:} 7... Nbd7 8. Bg2 Re8 9. O-O e5 10. b3 exd4 11. Nxd4 Nc5 12. Bb2 {1-0 (43) Popp,M (1970)-Ebner,J (1806) Germany 2005}) 8. Qc2 f5 9. Bg2 Nd7 10. O-O Ndf6 11. b3 c5 12. dxc5 Nxc5 13. Be3 Na6 (13... Qc7 $14) 14. Rad1 Qe7 15. Bg5 h6 16. Bxf6 Rxf6 17. Nd4 e5 18. Nb5 Nc7 19. Nc3 Rb8 20. Rd3 Bd7 21. Rfd1 Bc6 $16 22. Qd2 Rd8 23. Bd5+ Kh7 24. Qe3 Bxd5 25. Nxd5 Nxd5 26. Rxd5 b6 27. a4 Rd7 28. a5 bxa5 29. c5 f4 30. Qe4+ g6 31. c6 Rc7 32. Rxa5 fxg3 33. hxg3 Qf7 34. Qe3 Qe7 35. Rda1 Rf7 36. b4 Qg5 37. Qxg5 hxg5 38. b5 Kg7 39. Rxa7 Kf6 40. Rxc7 Rxc7 41. Rb1 Rc8 42. b6 1-0

[Event "FRA-ch Youth U18 2018"]
[Site "Agen"]
[Date "2018.04.16"]
[Round "3"]
[White "Rollot, Florence"]
[Black "Chachiachvili, Mariam"]
[Result "1/2-1/2"]
[ECO "A05"]
[WhiteElo "2042"]
[BlackElo "1752"]
[Annotator "NA RC"]
[PlyCount "124"]
[EventDate "2018.??.??"]
[EventType "swiss"]
[EventCountry "FRA"]
[SourceTitle "playchess.com"]
[Source "ChessBase"]
[SourceQuality "1"]
[TimeControl "5400+30"]

1. Nf3 Nf6 2. c4 g6 3. g3 Bg7 4. Bg2 d6 5. Nc3 O-O 6. O-O e5 7. d3 Nc6 8. Rb1 Bd7 {[%emt 0:00:42] LiveBook: 17 Games} 9. b4 {[%emt 0:02:57] A26: English Opening vs King's Indian with ...Nc6 and d3} a6 (9... Qc8 10. b5 Nd8 11. Qc2 Bh3 12. Nd5 Nxd5 13. Bxh3 Qxh3 14. cxd5 Qd7 15. Be3 f5 16. Rfc1 f4 17. Bd2 Rc8 18. Rb4 {1-0 (39) Iskandarov,M (2397)-Fedoseev,V (2672) Kocaeli 2014}) 10. a4 a5 11. b5 $1 Nb4 12. Ba3 c5 13. bxc6 bxc6 14. Bxb4 axb4 15. Rxb4 Qa5 16. Qb3 Rfc8 $146 ({Predecessor:} 16... Ra7 17. Rb7 Rxb7 18. Qxb7 Qxc3 {0-1 (38) Seeman,T (2429)-Gorgorinis,P (2015) Dos Hermanas 2004}) 17. Ng5 h6 18. Nge4 Ne8 19. Rb7 Be6 20. Nd2 e4 21. Ndb1 d5 22. Qb4 $11 exd3 23. exd3 dxc4 24. dxc4 Qxb4 25. Rxb4 c5 26. Rb6 Rab8 27. Rxb8 Rxb8 28. Nd5 Nd6 29. a5 Rb2 30. a6 Ra2 31. Nc7 Bxc4 32. Rd1 Bd4 33. Nd2 Bxa6 34. Nxa6 Rxa6 35. Nb3 Ra4 36. Bd5 Rb4 37. Kg2 Nb5 38. Re1 Nc3 39. Nxd4 cxd4 40. Re8+ Kg7 41. Bf3 Kf6 42. Rc8 Rb6 43. Rc7 Rd6 44. Kf1 Nb5 45. Rb7 Nc3 46. Ke1 d3 47. Kd2 Na4 48. Rb3 Nc5 49. Rc3 Na4 50. Rc4 Nb6 51. Rb4 Nd7 52. Be4 Ne5 53. f4 Ng4 54. Bxd3 Nxh2 55. Ke2 Ng4 56. Bc4 h5 57. Rb7 Nh6 58. Rc7 Rb6 59. Kf3 Rb1 60. Rc6+ Kg7 61. Rc7 Re1 62. Kf2 Ra1 1/2-1/2

[Event "FRA-ch Youth U18 2018"]
[Site "Agen"]
[Date "2018.04.16"]
[Round "3"]
[White "Belluire, Beatrice"]
[Black "Lomandong, Noela-Joyce"]
[Result "1/2-1/2"]
[ECO "B06"]
[WhiteElo "1818"]
[BlackElo "2053"]
[Annotator "NA RC"]
[PlyCount "100"]
[EventDate "2018.??.??"]
[EventType "swiss"]
[EventCountry "FRA"]
[SourceTitle "playchess.com"]
[Source "ChessBase"]
[SourceQuality "1"]
[TimeControl "5400+30"]

1. e4 g6 2. d4 Bg7 3. Nc3 d6 4. Be3 a6 5. Qd2 Nd7 6. O-O-O b5 7. f3 Bb7 8. h4 h5 $11 {[%emt 0:05:56] LiveBook: 70 Games} 9. Nh3 c6 10. Ng5 Qa5 11. Kb1 Ngf6 12. Qf2 Nh7 13. Nxh7 Rxh7 14. e5 b4 15. Ne4 dxe5 16. dxe5 Bxe5 17. Rxd7 Kxd7 18. Bb6 Qd5 19. Be2 Bd6 20. Rd1 Qe5 21. Rxd6+ exd6 22. Bd4 Qe7 23. Nf6+ Kc7 24. Nxh7 c5 25. Bf6 Qe6 26. b3 Re8 27. Bc4 Qe1+ 28. Qxe1 Rxe1+ 29. Kb2 d5 30. Bd3 a5 31. Ng5 a4 32. c4 bxc3+ 33. Bxc3 Rg1 34. Be5+ Kb6 35. g3 Rg2+ 36. Ka3 axb3 37. axb3 Rd2 38. Bb1 f5 39. Bf4 Rf2 40. Bd3 d4 41. Bc4 Ba6 42. Bf7 Bd3 43. b4 cxb4+ 44. Kxb4 Rb2+ 45. Ka3 Rf2 46. Be5 Kc5 47. Ne6+ Kd5 48. f4 Ke4 49. Nxd4 Rg2 50. Bxg6 Rxg3 1/2-1/2

[Event "FRA-ch Youth U18 2018"]
[Site "Agen"]
[Date "2018.04.16"]
[Round "3"]
[White "Donias, Orlane"]
[Black "Milroy, Melena"]
[Result "0-1"]
[ECO "A46"]
[WhiteElo "1752"]
[BlackElo "1718"]
[Annotator "NA RC"]
[PlyCount "126"]
[EventDate "2018.??.??"]
[EventType "swiss"]
[EventCountry "FRA"]
[SourceTitle "playchess.com"]
[Source "ChessBase"]
[SourceQuality "1"]
[TimeControl "5400+30"]

1. d4 Nf6 2. Nf3 c5 3. e3 e6 4. c4 g6 5. Nc3 b6 6. d5 exd5 7. cxd5 d6 8. e4 Bg7 9. Bb5+ Nfd7 10. Bf4 Qe7 11. Qe2 O-O 12. O-O Nf6 13. Rfe1 Nh5 14. Bd2 a6 15. Bd3 b5 16. Rab1 Bg4 17. h3 Bxf3 18. Qxf3 Nd7 19. Bf1 Ne5 20. Qd1 Qf6 21. Qc1 Qe7 22. Be2 Nf6 23. f4 Ned7 24. Bf3 Ne8 25. Nd1 Nc7 26. Nf2 b4 27. Bxb4 cxb4 28. Qxc7 Rfc8 29. Qb7 a5 30. Bg4 Rd8 31. e5 dxe5 32. fxe5 Qe8 33. Bxd7 Rxd7 34. Qb5 Re7 35. Qxe8+ Raxe8 36. Nd3 Bxe5 37. Nxe5 Rxe5 38. Rxe5 Rxe5 39. Rd1 Kf8 40. Kf2 Ke7 41. d6+ Kd7 42. b3 Rc5 43. Rd2 Rc6 44. Ke3 Rxd6 45. Rf2 Ke6 46. Rc2 f5 47. Kf4 h6 48. Ke3 Kd5 49. Rd2+ Ke5 50. Rc2 g5 51. Rc5+ Rd5 52. Rc6 h5 53. Rc8 f4+ 54. Ke2 g4 55. hxg4 hxg4 56. Rg8 Kf5 57. Rf8+ Kg5 58. Rg8+ Kh4 59. Rf8 Kg3 60. Rf7 Rd4 61. Rf5 Kxg2 62. Rxa5 f3+ 63. Ke3 Rd1 0-1

[Event "FRA-ch Youth U18 2018"]
[Site "Agen"]
[Date "2018.04.16"]
[Round "3"]
[White "El Barbry, Sarah"]
[Black "Salvador, Lucie"]
[Result "1/2-1/2"]
[ECO "C01"]
[WhiteElo "1750"]
[BlackElo "1955"]
[Annotator "NA RC"]
[PlyCount "120"]
[EventDate "2018.??.??"]
[EventType "swiss"]
[EventCountry "FRA"]
[SourceTitle "playchess.com"]
[Source "ChessBase"]
[SourceQuality "1"]
[TimeControl "5400+30"]

1. e4 e6 2. d4 d5 3. exd5 exd5 4. Bd3 Nf6 5. h3 c5 6. c3 {[%emt 0:00:19] C01: French: Exchange Variation} (6. dxc5 Bxc5 7. Nf3 O-O 8. O-O Nc6 9. a3 Ne4 10. Nbd2 Re8 11. Nb3 Bb6 12. Be3 Bxe3 13. fxe3 Bf5 {0-1 (27) Atabayev,M (2492)-Akopian,V (2675) Doha 2016}) 6... Nc6 {[%emt 0:00:44] LiveBook: 3 Games} 7. Nf3 Bd6 8. O-O h6 $146 ({Predecessor:} 8... O-O 9. Re1 Qb6 10. b3 Be6 11. Na3 Qa5 12. dxc5 Qxc3 13. Be3 Qa5 14. Nb5 Bb8 15. a3 a6 16. Nd6 Qc7 17. Qc2 h6 18. Qc1 Ne4 19. Bxh6 Nxc5 20. Bxg7 Nxd3 21. Qh6 {1-0 (21) Todorov,T (2504)-Astengo,M (2075) Bergamo 2008}) 9. Re1+ Be6 10. Be3 Qb6 11. dxc5 Bxc5 12. Bxc5 Qxc5 13. Nbd2 O-O 14. Nb3 Qb6 15. Qd2 Ne4 16. Bxe4 dxe4 17. Rxe4 Bxb3 18. axb3 Qxb3 19. Rae1 Rad8 20. Qc1 Rd6 21. Kh2 b6 $11 22. Ne5 Na5 23. Rb4 Qa2 24. Qf4 Rfd8 25. Qg3 f5 26. Ng6 Qf7 27. Ne5 Qf6 28. Rf4 Nc6 29. Nxc6 Rxc6 30. Qf3 Rc5 31. Qe3 Rcd5 32. Qe7 Qxe7 33. Rxe7 a5 34. Re6 Rb8 35. c4 Rc5 36. g4 b5 37. gxf5 Rxc4 38. Rf3 Kf7 39. Ra6 a4 40. Ra7+ Kf6 41. Ra6+ Ke5 42. Kg3 Rb4 43. Ra7 Rg8 44. Re7+ Kd5 45. Re2 h5 46. h4 Rf8 47. Rd2+ Ke5 48. Re2+ Kd6 49. Rd3+ Kc5 50. Rf3 Rg4+ 51. Kh3 Rd8 52. f6 gxf6 53. Rxf6 Rd3+ 54. f3 Rgd4 55. Rf5+ Kb4 56. Kg3 Rg4+ 57. Kh3 Rgd4 58. Kg3 Rg4+ 59. Kh3 Rgd4 60. Kg3 Rg4+ 1/2-1/2

[Event "FRA-ch Youth U18 2018"]
[Site "Agen"]
[Date "2018.04.17"]
[Round "4"]
[White "Burri, Quentin"]
[Black "Mazzella, Enzo"]
[Result "1-0"]
[ECO "B04"]
[WhiteElo "2405"]
[BlackElo "2226"]
[Annotator "NA"]
[PlyCount "69"]
[EventDate "2018.??.??"]
[EventType "swiss"]
[EventCountry "FRA"]
[SourceTitle "playchess.com"]
[Source "ChessBase"]
[SourceQuality "1"]
[TimeControl "5400+30"]

1. e4 Nf6 2. e5 Nd5 3. d4 d6 4. Nf3 dxe5 5. Nxe5 c6 {[%emt 0:00:58] LiveBook: 1070 Games} 6. Be2 Nd7 7. c4 {[%emt 0:04:08] B04: Alekhine's Defence: 4 Nf3} N5f6 ({Black should try} 7... Nc7 $14 8. Nf3 g6 9. Nc3 Bg7 10. O-O O-O 11. Bf4 Nf6 12. h3 Bf5 13. Be5 Ne4 14. Bxg7 Kxg7 15. Re1 Nf6 16. Qd2 Qd6 17. Rad1 Rad8 18. Qe3 {1-0 (33) Eljanov,P (2734)-Kasimdzhanov,R (2676) Douglas 2017}) 8. f4 e6 $146 ({Find the theoretical novelty and annotate with similar games:} 8... Ne4 9. O-O g6 10. Be3 Bg7 11. Qc2 Nd6 12. g4 f6 13. Nxd7 Bxd7 14. f5 gxf5 15. gxf5 Rg8 16. Kh1 Qc8 17. Bd3 c5 18. d5 Qc7 19. Nc3 Nf7 20. Ne4 b6 21. Bf4 Ne5 {0-1 (21) Piepereit,R (1767)-Wechselberg,C (1586) GER email 2013}) 9. O-O c5 {[%emt 0:05:35] [#]} 10. d5 (10. Be3 $1 $16) 10... Nb6 11. Nc3 Be7 12. Bf3 exd5 13. cxd5 O-O 14. b3 Bd6 15. Nc4 Nxc4 16. bxc4 a6 17. a4 Qc7 18. g3 Re8 19. Qc2 Bh3 20. Bg2 Qd7 21. Bxh3 Qxh3 22. Rb1 Qd7 23. a5 Re7 24. Bd2 Qh3 25. Rb6 Ng4 26. Bc1 Rae8 27. Rxd6 $11 Re1 28. Qg2 Rxf1+ 29. Kxf1 Nxh2+ 30. Kg1 Re1+ 31. Kf2 Rf1+ 32. Ke3 Qc8 33. Qxh2 Qe8+ 34. Kd3 Rxc1 35. Qe2 1-0

[Event "FRA-ch Youth U18 2018"]
[Site "Agen"]
[Date "2018.04.17"]
[Round "4"]
[White "Mohammad, Fahim"]
[Black "Derige Kane, Yan"]
[Result "1-0"]
[ECO "D30"]
[WhiteElo "2355"]
[BlackElo "2146"]
[Annotator "NA"]
[PlyCount "75"]
[EventDate "2018.??.??"]
[EventType "swiss"]
[EventCountry "FRA"]
[SourceTitle "playchess.com"]
[Source "ChessBase"]
[SourceQuality "1"]
[TimeControl "5400+30"]

1. d4 d5 2. c4 e6 3. Nf3 Nf6 4. e3 Be7 5. b3 Nbd7 6. Bd3 b6 7. O-O Bb7 8. Bb2 O-O 9. Nbd2 c5 {[%emt 0:01:26] LiveBook: 95 Games} 10. Qe2 a5 {[%emt 0:04:05] E14: Queen's Indian: Classical Variation (4 e3)} (10... cxd4 11. exd4 Re8 12. Rac1 Rc8 13. Rfd1 Bf8 14. Ne5 dxc4 15. bxc4 Nxe5 16. dxe5 Nd7 17. Be4 Qc7 18. Bxb7 Qxb7 19. Ne4 {1-0 (49) Mamedyarov,S (2804)-Ju,W (2572) chess.com INT 2018}) 11. Rac1 $146 ({Find the theoretical novelty and annotate with similar games:} 11. a4 Ne4 12. Rfd1 Qc7 13. Rac1 Rac8 14. cxd5 exd5 15. dxc5 Ndxc5 16. Nd4 Rfd8 17. Nf5 Bf8 18. Nxe4 dxe4 19. Nh6+ Kh8 20. Bc4 Rxd1+ 21. Qxd1 Qe7 22. Nxf7+ Kg8 23. Ng5+ Kh8 24. Qh5 {1-0 (24) Almagro Llamas,P (2466)-Vinuela Diaz,S (2193) Linares 2017}) 11... Qc7 12. Rfd1 Bd6 13. e4 dxe4 14. Nxe4 Nxe4 15. Bxe4 Bxe4 16. Qxe4 Bf4 17. Rb1 cxd4 18. Qxd4 Nf6 19. g3 Bh6 20. Qh4 Nd7 21. Qe7 Ra7 {[%emt 0:06:28] [#]} 22. Nd4 ({White should try} 22. Rd6 $1 $16) 22... Nc5 23. Qh4 Qe7 24. Qg4 Qg5 25. Qf3 e5 26. h4 Qg6 27. h5 Qg5 28. Bc1 e4 29. Bxg5 exf3 30. Bxh6 gxh6 31. Nxf3 Re8 32. Rb2 $18 Nd7 33. Rd6 Kg7 34. Nd4 Re5 35. g4 Rb7 36. Nf5+ Kf8 37. Rbd2 Nf6 38. Rxf6 1-0